 Dungeon Crawl Stone Soup version 0.22-a0-558-gc224181 (webtiles) character file.

53 inc the Chopper (level 3, 0/30 HPs)
             Began as a Demonspawn Monk on June 26, 2018.
             Slain by a gnoll (3 damage)
             ... on level 1 of the Dungeon.
             The game lasted 00:01:51 (1415 turns).

inc the Chopper (Demonspawn Monk)                   Turns: 1415, Time: 00:01:51

Health: 0/30       AC:  5    Str: 11    XL:     3   Next: 64%
Magic:  3/3        EV: 11    Int: 12    God:
Gold:   82         SH:  0    Dex: 15    Spells: 2/2 levels left

rFire    . . .     SeeInvis .   a - +0 hand axe
rCold    + . .     Gourm    .   (no shield)
rNeg     . . .     Faith    .   h - +0 ring mail (curse)
rPois    .         Spirit   .   (no helmet)
rElec    .         Reflect  .   (no cloak)
rCorr    .         Harm     .   (no gloves)
MR       .....                  (no boots)
Stlth    +.........             (no amulet)
HPRegen  0.10/turn              (no ring)
MPRegen  0.08/turn              (no ring)

@: no status effects
A: cold resistance 1, powered by pain 1
a: no special abilities


You were on level 1 of the Dungeon.
You were hungry.

You visited 1 branch of the dungeon, and saw 2 of its levels.

You collected 82 gold pieces.

Inventory:

Hand Weapons
 a - a +0 hand axe (weapon)
Armour
 b - a +0 robe
 h - a cursed +0 ring mail (worn)
Scrolls
 f - a scroll of immolation {unknown}
 g - a scroll of amnesia {unknown}
 i - a scroll of enchant armour {unknown}
 k - a scroll of fog {unknown}
 m - a scroll of magic mapping {unknown}
 o - a scroll of blinking {unknown}
 p - a scroll of random uselessness {unknown}
Potions
 d - a potion of flight {unknown}
 e - a potion of ambrosia {unknown}
 j - a potion of haste {unknown}
 l - a potion of degeneration {unknown}
 n - a potion of might {unknown}
Comestibles
 c - a ration


   Skills:
 - Level 3.6 Fighting
 + Level 3.7 Axes
 - Level 2.6 Dodging
 - Level 1.7 Stealth


You had 2 spell levels left.
You didn't know any spells.
Your spell library was empty.

Dungeon Overview and Level Annotations

Branches:
Dungeon (2/15)

Altars:


Innate Abilities, Weirdness & Mutations

Your flesh is cold resistant. (rC+)
You sometimes gain a little power by taking damage.


Message History

You kill the gnoll!
You hit the gnoll.
The gnoll is moderately wounded.
The gnoll completely misses you. x2
You hit the gnoll.
The gnoll is heavily wounded.
The gnoll hits you.
* * * LOW HITPOINT WARNING * * *
The gnoll hits you but does no damage.
There is a stone staircase leading up here.
The gnoll barely misses you.
You climb upwards.
There is a stone staircase leading down here.
You barely miss the gnoll.
The gnoll is moderately wounded.
The gnoll closely misses you.
You hit the gnoll but do no damage.
The gnoll is moderately wounded.
The gnoll hits you.
You die...

#.......# #..........#########
#.......# #..........# #
#.......###...##.....# ####
#.............##.....# #...
#.........†#.........# #.##
####.......#..##.....######.#
####....#..###'###.......#
#.....g.# #.# #.########
#......@# #.# #........)
#(......# #.# ########..
#.....#.# #.# #..(......
#.......###.# ####.##...
##########...........# #.#....
.................##..######.#....
########.....)...##..............
#####..##.....######.#..##
#.....................


You could see a gnoll.

Vanquished Creatures
  A gnoll (D:2)
  An adder (D:2)
  A dart slug (D:1)
  A leopard gecko (D:1)
  2 giant cockroaches (D:1)
  4 goblins (D:1)
  2 hobgoblins (D:1)
  5 jackals (D:2)
  A ball python (D:1)
  7 bats (D:1)
  A frilled lizard (D:1)
  2 kobolds (D:1)
  3 rats (D:1)
31 creatures vanquished.

Notes
Turn   | Place    | Note
-------+----------+-------------------------------------------
     0 | D:1      | inc the Demonspawn Monk began the quest for the Orb.
     0 | D:1      | Reached XP level 1. HP: 18/18 MP: 1/1
   180 | D:1      | Gained mutation: Your flesh is cold resistant. (rC+) [demonic ancestry]
   180 | D:1      | Reached XP level 2. HP: 22/24 MP: 2/2
   920 | D:2      | Gained mutation: You sometimes gain a little power by taking damage. [demonic ancestry]
   920 | D:2      | Reached XP level 3. HP: 16/30 MP: 3/3
  1415 | D:1      | Slain by a gnoll

Vault maps used:
D:1:      zelgadis_glass_arrival_large
D:2:      serial_glass, glass_columns_b, glass_columns_a, glass_columns_c,
          first_ration

Skill      XL: |  1  2 |
---------------+-------+-----
Axes           | 3 |  3.7
Fighting       | |  3.6
Dodging        | |  2.6
Stealth        | |  1.7

Action                   || total
-------------------------++-------
Melee: Hand axe          ||   134
 Stab: Sleeping          ||     4
  Eat: Chunk             ||     1
Armor: Robe              ||    16
       Ring mail         ||    20
Dodge: Dodged            ||   103

Table legend:
 A = Spawn XP
 B = Non-spawn XP
 C = Spawn XP percentage of total XP
 D = Spawn monster count
 E = Non-spawn monster count
 F = Spawn count percentage of total count
 G = Total turns spent on level
                    A         B        C        D         E        F      G
               +---------+---------+-------+---------+---------+-------+---------
         Total |       0 |      77 |   0.0 |       0 |      31 |   0.0 |  1415
               +---------+---------+-------+---------+---------+-------+---------
           D:1 |       0 |      40 |   0.0 |       0 |      24 |   0.0 |   878
           D:2 |       0 |      37 |   0.0 |       0 |       7 |   0.0 |   537
               +---------+---------+-------+---------+---------+-------+---------
